Tucson Roadrunners vs London Knights
Created - Monday, October 30, 2023 at 07:09
Goals
|
| Tucson Roadrunners |
1 |
0 |
0 |
0 |
0 |
1 |
| London Knights |
1 |
0 |
0 |
0 |
1 |
2 |
|
Shots
|
| Tucson Roadrunners |
18 |
7 |
5 |
1 |
6 |
31 |
| London Knights |
20 |
9 |
9 |
2 |
6 |
40 |
|
1st period
1. Tucson Roadrunners , Anthony Richard 8 (Robert Hagg 9, Matthew Highmore 13) at 2:36
2. London Knights , Simon Lundmark 1 (Connor Bunnaman 16, Cameron Hughes 30) at 19:09
Penalties :
Simon Benoit (TRR) for Hooking (Minor) at 5:14, Connor Bunnaman (LKN) for Fighting (Major) at 9:52, Logan Shaw (TRR) for Fighting (Major) at 9:52
2nd period
No Goal
Penalties :
Connor Bunnaman (LKN) for Holding Stick (Minor) at 5:44, Benjamin Jones (TRR) for Hooking (Minor) at 16:57
3rd period
No Goal
Penalties :
Logan Shaw (TRR) for Holding (Minor) at 2:34, Jan Jenik (LKN) for Hooking (Minor) at 11:04, Logan Shaw (TRR) for Hooking (Minor) at 11:35, Benjamin Jones (TRR) for Delaying the game (Minor) at 15:36
Overtime #1
No Goal
Penalties :
No Penalty
Shootout
Tucson Roadrunners, William Carrier - Stopped by Michael Hutchinson
London Knights, Simon Ryfors - Stopped by Jaroslav Halak
Tucson Roadrunners, Ross Colton - Shot Misses the Net
London Knights, Liam Foudy - Stopped by Jaroslav Halak
Tucson Roadrunners, Matt Nieto - Stopped by Michael Hutchinson
London Knights, Cameron Hughes - Stopped by Jaroslav Halak
Tucson Roadrunners, Mark Jankowski - Stopped by Michael Hutchinson
London Knights, Pavol Regenda - Shot Misses the Net
Tucson Roadrunners, Logan Shaw - Shot Misses the Net
London Knights, Hunter McKown - Shot Misses the Net
Tucson Roadrunners, Nicolas Petan - Stopped by Michael Hutchinson
London Knights, Nick Swaney - Goal!
Penalties :
No Penalty
Goalie Stats
Jaroslav Halak (TRR), 39 saves from 40 shots - (0.975), OTL, 12-5-3, 65:00 minutes
Michael Hutchinson (LKN), 30 saves from 31 shots - (0.968), W, 16-15-5, 65:00 minutes
Players Stats for Tucson Roadrunners
Player Name G A P +/- PIM S H SB GA TA FO MP PP MP PK MP
------------------------------------------------------------------------------------
Alex Belzile 0 0 0 1 0 1 1 0 0 0 2/8 14:37 0:00 0:00
Anthony Richard 1 0 1 1 0 2 0 1 0 0 0/0 15:22 0:00 1:04
Benjamin Jones 0 0 0 0 4 0 0 0 0 0 0/0 6:02 0:00 0:00
Carson Soucy 0 0 0 0 0 2 4 0 2 1 0/0 26:43 1:07 4:20
Johnathan Kovacevic 0 0 0 1 0 1 1 1 0 0 0/0 25:13 1:23 4:25
Logan Shaw 0 0 0 0 9 4 0 1 1 0 0/0 14:16 1:11 0:00
Marian Studenic 0 0 0 0 0 0 0 0 0 0 0/0 6:12 0:00 0:00
Mark Jankowski 0 0 0 0 0 3 2 1 1 1 5/10 22:19 1:12 3:56
Matt Nieto 0 0 0 -1 0 2 5 0 1 0 6/8 21:01 1:18 3:51
Matthew Highmore 0 1 1 1 0 1 0 0 0 2 2/2 12:51 0:00 0:00
Mikhail Maltsev 0 0 0 0 0 2 1 0 0 0 1/2 6:12 0:00 0:00
Nick Seeler 0 0 0 -1 0 0 0 1 0 0 0/0 14:12 0:00 0:54
Nicolas Petan 0 0 0 0 0 3 2 0 0 0 1/1 15:48 1:12 0:27
Radim Simek 0 0 0 -1 0 0 3 1 0 0 0/0 13:18 0:00 0:00
Robert Hagg 0 1 1 1 0 1 0 1 0 1 0/0 24:59 1:23 4:07
Ross Colton 0 0 0 -1 0 3 2 1 1 0 8/16 20:39 1:18 3:59
Simon Benoit 0 0 0 0 2 1 0 0 1 0 0/0 25:34 1:07 3:08
William Carrier 0 0 0 -1 0 5 2 1 0 0 1/7 24:41 1:18 3:37
Players Stats for London Knights
Player Name G A P +/- PIM S H SB GA TA FO MP PP MP PK MP
------------------------------------------------------------------------------------
Alec Regula 0 0 0 0 0 0 3 0 0 0 0/0 15:05 0:00 0:00
Antonio Stranges 0 0 0 -1 0 3 1 0 0 0 0/0 12:33 0:00 0:00
Cameron Hughes 0 1 1 1 0 7 5 1 1 1 7/15 20:57 3:59 1:12
Christian Wolanin 0 0 0 1 0 2 4 2 0 3 0/0 26:54 4:01 0:49
Cole Koepke 0 0 0 0 0 0 0 0 2 0 0/0 9:16 0:00 0:00
Connor Bunnaman 0 1 1 1 7 1 2 0 0 0 0/1 15:31 3:44 0:00
Curtis Douglas 0 0 0 0 0 0 1 0 0 0 1/1 13:20 0:34 0:00
Hunter McKown 0 0 0 -1 0 3 1 0 0 0 6/9 13:04 0:13 0:00
Jacob Christiansen 0 0 0 -1 0 2 1 1 0 0 0/0 23:01 4:26 1:41
Jan Jenik 0 0 0 0 2 0 0 0 0 0 2/6 9:38 0:23 0:00
Jordan Oesterle 0 0 0 -1 0 2 0 5 0 0 0/0 23:01 4:26 1:41
Kieffer Bellows 0 0 0 1 0 4 2 0 1 1 0/1 17:10 3:40 0:00
Liam Foudy 0 0 0 0 0 4 1 0 1 0 0/2 21:03 4:11 1:18
Nick Swaney 0 0 0 -1 0 4 2 0 0 0 0/0 11:12 0:00 0:00
Pavol Regenda 0 0 0 0 0 4 3 1 0 0 0/1 20:56 4:29 1:12
Simon Lundmark 1 0 1 0 0 3 0 0 0 0 0/0 15:05 0:00 0:00
Simon Ryfors 0 0 0 0 0 0 2 0 0 0 12/18 21:19 4:08 1:18
Troy Stecher 0 0 0 1 0 1 2 0 0 2 0/0 26:54 4:01 0:49
3 Stars
1 - Jaroslav Halak (TRR)
2 - Michael Hutchinson (LKN)
3 - Cameron Hughes (LKN)
Power Play
Tucson Roadrunners - 0 on 2 Attempt(s) - 0.00%
London Knights - 0 on 5 Attempt(s) - 0.00%
Penalty Kill
Tucson Roadrunners - 5 on 5 Attempt(s) - 100.00%
- Score 0 goal in Penalty Kill
London Knights - 2 on 2 Attempt(s) - 100.00%
- Score 0 goal in Penalty Kill
Team Stat
Tucson Roadrunners - Hits : 23 - Faceoff Wins : 26 - Blocked Shots : 9 - Penalty Minutes : 15
London Knights - Hits : 30 - Faceoff Wins : 28 - Blocked Shots : 10 - Penalty Minutes : 9
Official
Referees : Brian Pochmara and Dean Morton
Linesman : Vaughan Rody and Devin Berg
Game Notes
0:42 of 1st period - Tucson Roadrunners goal is going for a video replay. After video review, No Goal. The puck has been directed, batted or thrown into the net by an attacking player other than with a stick.
Connor Bunnaman and Logan Shaw fight to a draw at 9:52 of 1st period
Tucson Roadrunners
5 vs 5 Forward
Center Left Wing Right Wing Time % Phy DF OF
1 Ross Colton William Carrier Matt Nieto 30 1 2 2
2 Mark Jankowski Nicolas Petan Logan Shaw 30 1 2 2
3 Alex Belzile Anthony Richard Matthew Highmore 25 1 2 2
4 Mikhail Maltsev Marian Studenic William Carrier 15 1 2 2
5 vs 5 Defense
Defense Defense Time % Phy DF OF
1 Simon Benoit Carson Soucy 30 1 2 2
2 Johnathan Kovacevic Robert Hagg 30 1 2 2
3 Radim Simek Nick Seeler 25 1 2 2
4 Simon Benoit Carson Soucy 15 1 2 2
PowerPlay Forward
Center Left Wing Right Wing Time % Phy DF OF
1 Ross Colton William Carrier Matt Nieto 50 1 2 2
2 Mark Jankowski Nicolas Petan Logan Shaw 50 1 2 2
PowerPlay Defense
Defense Defense Time % Phy DF OF
1 Simon Benoit Carson Soucy 50 1 2 2
2 Johnathan Kovacevic Robert Hagg 50 1 2 2
Penalty Kill 4 Players Forward
Center Wing Time % Phy DF OF
1 William Carrier Ross Colton 50 1 2 2
2 Matt Nieto Mark Jankowski 50 1 2 2
Penalty Kill 4 Players Defense
Defense Defense Time % Phy DF OF
1 Simon Benoit Carson Soucy 50 1 2 2
2 Johnathan Kovacevic Robert Hagg 50 1 2 2
Penalty Kill - 3 Players Forward
Forward Time % Phy DF OF
1 William Carrier 50 1 2 2
2 Ross Colton 50 1 2 2
Penalty Kill - 3 Players Defense
Defense Defense Time % Phy DF OF
1 Simon Benoit Carson Soucy 50 1 2 2
2 Johnathan Kovacevic Robert Hagg 50 1 2 2
4 vs 4 Forward
Center Wing Time % Phy DF OF
1 William Carrier Ross Colton 50 1 2 2
2 Matt Nieto Mark Jankowski 50 1 2 2
4 vs 4 Defense
Defense Defense Time % Phy DF OF
1 Simon Benoit Carson Soucy 50 1 2 2
2 Johnathan Kovacevic Robert Hagg 50 1 2 2
Last Minutes Offensive
Center Left Wing Right Wing Defense Defense
Ross Colton William Carrier Matt Nieto Simon Benoit Carson Soucy
Last Minutes Defensive
Center Left Wing Right Wing Defense Defense
Ross Colton William Carrier Matt Nieto Simon Benoit Carson Soucy
Goaltenders
Starting : Jaroslav Halak
Backup : Kaapo Kahkonen
Extra Forwards
Normal : Benjamin Jones, Alex Belzile, Anthony Richard - PP : Benjamin Jones, Alex Belzile - PK : Anthony Richard
Extra Defensemen
Normal : Radim Simek, Nick Seeler, Johnathan Kovacevic - PP : Radim Simek - PK : Nick Seeler, Johnathan Kovacevic
Penalty Shots
William Carrier, Ross Colton, Matt Nieto, Mark Jankowski, Logan Shaw
London Knights
5 vs 5 Forward
Center Left Wing Right Wing Time % Phy DF OF
1 Simon Ryfors Liam Foudy Pavol Regenda 30 1 2 2
2 Cameron Hughes Connor Bunnaman Kieffer Bellows 30 1 2 2
3 Hunter McKown Antonio Stranges Nick Swaney 25 1 2 2
4 Jan Jenik Cole Koepke Curtis Douglas 15 1 2 2
5 vs 5 Defense
Defense Defense Time % Phy DF OF
1 Troy Stecher Christian Wolanin 30 1 2 2
2 Jacob Christiansen Jordan Oesterle 30 1 2 2
3 Simon Lundmark Alec Regula 25 1 2 2
4 Troy Stecher Christian Wolanin 15 1 2 2
PowerPlay Forward
Center Left Wing Right Wing Time % Phy DF OF
1 Simon Ryfors Liam Foudy Pavol Regenda 50 1 2 2
2 Cameron Hughes Connor Bunnaman Kieffer Bellows 50 1 2 2
PowerPlay Defense
Defense Defense Time % Phy DF OF
1 Troy Stecher Christian Wolanin 50 1 2 2
2 Jacob Christiansen Jordan Oesterle 50 1 2 2
Penalty Kill 4 Players Forward
Center Wing Time % Phy DF OF
1 Simon Ryfors Liam Foudy 50 1 2 2
2 Cameron Hughes Pavol Regenda 50 1 2 2
Penalty Kill 4 Players Defense
Defense Defense Time % Phy DF OF
1 Troy Stecher Christian Wolanin 50 1 2 2
2 Jacob Christiansen Jordan Oesterle 50 1 2 2
Penalty Kill - 3 Players Forward
Forward Time % Phy DF OF
1 Simon Ryfors 50 1 2 2
2 Liam Foudy 50 1 2 2
Penalty Kill - 3 Players Defense
Defense Defense Time % Phy DF OF
1 Troy Stecher Christian Wolanin 50 1 2 2
2 Jacob Christiansen Jordan Oesterle 50 1 2 2
4 vs 4 Forward
Center Wing Time % Phy DF OF
1 Simon Ryfors Liam Foudy 50 1 2 2
2 Cameron Hughes Pavol Regenda 50 1 2 2
4 vs 4 Defense
Defense Defense Time % Phy DF OF
1 Troy Stecher Christian Wolanin 50 1 2 2
2 Jacob Christiansen Jordan Oesterle 50 1 2 2
Last Minutes Offensive
Center Left Wing Right Wing Defense Defense
Simon Ryfors Liam Foudy Pavol Regenda Troy Stecher Christian Wolanin
Last Minutes Defensive
Center Left Wing Right Wing Defense Defense
Simon Ryfors Liam Foudy Pavol Regenda Troy Stecher Christian Wolanin
Goaltenders
Starting : Michael Hutchinson
Backup : Dylan Wells
Extra Forwards
Normal : Curtis Douglas, Hunter McKown, Antonio Stranges - PP : Curtis Douglas, Hunter McKown - PK : Antonio Stranges
Extra Defensemen
Normal : Simon Lundmark, Alec Regula, Jacob Christiansen - PP : Simon Lundmark - PK : Alec Regula, Jacob Christiansen
Penalty Shots
Simon Ryfors, Liam Foudy, Cameron Hughes, Pavol Regenda, Hunter McKown
% Time on Ice - Tucson Roadrunners
Lines # - Real PCT - Wanted PCT - Time Play
Normal Forward
1 - 28% - 30% - 13:10
2 - 32% - 30% - 15:22
3 - 27% - 25% - 12:51
4 - 13% - 15% - 6:12
Normal Defense
1 - 28% - 30% - 13:09
2 - 35% - 30% - 16:25
3 - 26% - 25% - 12:28
4 - 12% - 15% - 5:33
PP Forward
1 - 52% - 50% - 1:18
2 - 48% - 50% - 1:12
PP Defense
1 - 45% - 50% - 1:07
2 - 55% - 50% - 1:23
PK Forward
1 - 48% - 50% - 4:04
2 - 52% - 50% - 4:23
PK Defense
1 - 51% - 50% - 4:20
2 - 49% - 50% - 4:07
PK3 Forward
1 - 0% - 50%
2 - 0% - 50%
PK3 Defense
1 - 0% - 50%
2 - 0% - 50%
44 Forward
1 - 46% - 50% - 2:59
2 - 54% - 50% - 3:29
44 Defense
1 - 45% - 50% - 2:55
2 - 55% - 50% - 3:33
Last Minute Offensive - 0:00
Last Minute Defensive - 0:00
Total
Forward - 65:00
Defense - 65:00
|
% Time on Ice - London Knights
Lines # - Real PCT - Wanted PCT - Time Play
Normal Forward
1 - 28% - 30% - 13:26
2 - 29% - 30% - 13:49
3 - 23% - 25% - 11:04
4 - 19% - 15% - 9:16
Normal Defense
1 - 30% - 30% - 14:30
2 - 29% - 30% - 13:39
3 - 29% - 25% - 13:51
4 - 12% - 15% - 5:35
PP Forward
1 - 51% - 50% - 4:20
2 - 49% - 50% - 4:07
PP Defense
1 - 48% - 50% - 4:01
2 - 52% - 50% - 4:26
PK Forward
1 - 52% - 50% - 1:18
2 - 48% - 50% - 1:12
PK Defense
1 - 33% - 50% - 0:49
2 - 67% - 50% - 1:41
PK3 Forward
1 - 0% - 50%
2 - 0% - 50%
PK3 Defense
1 - 0% - 50%
2 - 0% - 50%
44 Forward
1 - 51% - 50% - 3:18
2 - 49% - 50% - 3:10
44 Defense
1 - 48% - 50% - 3:06
2 - 52% - 50% - 3:22
Last Minute Offensive - 0:00
Last Minute Defensive - 0:00
Total
Forward - 65:00
Defense - 65:00
|
Play-by-Play
1st period
0:01 of 1st period - Simon Ryfors wins face-off versus Ross Colton in neutral zone.
0:28 of 1st period - Snap shot by Kieffer Bellows.
0:28 of 1st period - Stopped by Jaroslav Halak without a rebound.
0:29 of 1st period - Cameron Hughes wins face-off versus Mark Jankowski in Tucson Roadrunners zone.
0:30 of 1st period - Slapshot by Kieffer Bellows.
0:30 of 1st period - Stopped by Jaroslav Halak with a rebound.
0:40 of 1st period - Backhand shot by Logan Shaw.
0:40 of 1st period - Stopped by Michael Hutchinson with a rebound.
0:42 of 1st period - Wrist shot by Mark Jankowski.
0:42 of 1st period - Tucson Roadrunners goal is going for a video replay.
0:42 of 1st period - The goal is refused. The puck has been directed, batted or thrown into the net by an attacking player other than with a stick..
0:43 of 1st period - Hunter McKown wins face-off versus Alex Belzile in London Knights zone.
1:19 of 1st period - Snap shot by Mikhail Maltsev.
1:19 of 1st period - Stopped by Michael Hutchinson with a rebound.
1:37 of 1st period - Slapshot by Logan Shaw.
1:37 of 1st period - Stopped by Michael Hutchinson with a rebound.
1:39 of 1st period - Slapshot by Carson Soucy.
1:39 of 1st period - Stopped by Michael Hutchinson without a rebound.
1:40 of 1st period - Alex Belzile wins face-off versus Connor Bunnaman in London Knights zone.
1:45 of 1st period - Wrist shot by Alex Belzile.
1:45 of 1st period - Deflect By Anthony Richard.
1:45 of 1st period - Shot Misses the Net.
1:45 of 1st period - Puck is out of play.
1:46 of 1st period - Cameron Hughes wins face-off versus Alex Belzile in London Knights zone.
1:53 of 1st period - Snap shot by Matthew Highmore.
1:53 of 1st period - Deflect By Alex Belzile.
1:53 of 1st period - Stopped by Michael Hutchinson with a rebound.
2:13 of 1st period - Robert Hagg is hit by Jacob Christiansen and loses puck.
2:34 of 1st period - Slapshot by Matthew Highmore.
2:34 of 1st period - Stopped by Michael Hutchinson with a rebound.
2:36 of 1st period - Snap shot by Robert Hagg.
2:36 of 1st period - Deflect By Anthony Richard.
2:36 of 1st period - Goal by Anthony Richard - Tucson Roadrunners : 1 - London Knights : 0.
2:37 of 1st period - Hunter McKown wins face-off versus Ross Colton in neutral zone.
2:52 of 1st period - Snap shot by Ross Colton.
2:52 of 1st period - Deflect By Troy Stecher.
2:52 of 1st period - Stopped by Michael Hutchinson with a rebound.
3:04 of 1st period - Mark Jankowski is hit by Troy Stecher and loses puck.
3:11 of 1st period - Wrist shot by Cameron Hughes.
3:11 of 1st period - Stopped by Jaroslav Halak with a rebound.
3:13 of 1st period - Slapshot by Simon Lundmark.
3:13 of 1st period - Stopped by Jaroslav Halak with a rebound.
3:17 of 1st period - Wrist shot by Cameron Hughes.
3:17 of 1st period - Shot Blocked by Mark Jankowski.
3:33 of 1st period - Carson Soucy is hit by Alec Regula and loses puck.
4:12 of 1st period - Wrist shot by Simon Ryfors.
4:12 of 1st period - Shot Hit the Post.
4:14 of 1st period - Wrist shot by Antonio Stranges.
4:14 of 1st period - Shot Blocked by Johnathan Kovacevic.
4:18 of 1st period - Wrist shot by Antonio Stranges.
4:18 of 1st period - Shot Misses the Net.
4:20 of 1st period - Snap shot by Simon Lundmark.
4:20 of 1st period - Shot Blocked by Logan Shaw.
4:29 of 1st period - Off-side.
4:30 of 1st period - Cameron Hughes wins face-off versus Ross Colton in neutral zone.
5:14 of 1st period - Minor Penalty to Simon Benoit for Hooking.
5:15 of 1st period - Simon Ryfors wins face-off versus William Carrier in Tucson Roadrunners zone.
5:16 of 1st period - Snap shot by Liam Foudy.
5:16 of 1st period - Stopped by Jaroslav Halak without a rebound.
5:17 of 1st period - Simon Ryfors wins face-off versus William Carrier in Tucson Roadrunners zone.
5:32 of 1st period - Snap shot by Pavol Regenda.
5:32 of 1st period - Stopped by Jaroslav Halak with a rebound.
6:14 of 1st period - Matt Nieto is hit by Connor Bunnaman and loses puck.
7:14 of 1st period - Penalty to Simon Benoit is over, Simon Benoit is back on ice.
7:47 of 1st period - Slapshot by Troy Stecher.
7:47 of 1st period - Shot Misses the Net.
8:48 of 1st period - Connor Bunnaman is hit by William Carrier and loses puck.
8:59 of 1st period - Johnathan Kovacevic is hit by Pavol Regenda.
9:13 of 1st period - Radim Simek is hit by Alec Regula.
9:22 of 1st period - Icing by Alec Regula.
9:23 of 1st period - Mikhail Maltsev wins face-off versus Jan Jenik in London Knights zone.
9:24 of 1st period - Wrist shot by William Carrier.
9:24 of 1st period - Shot Misses the Net.
9:26 of 1st period - Slapshot by Carson Soucy.
9:26 of 1st period - Stopped by Michael Hutchinson without a rebound.
9:27 of 1st period - Simon Ryfors wins face-off versus Ross Colton in London Knights zone.
9:27 of 1st period - Simon Ryfors is hit by Carson Soucy.
9:39 of 1st period - Wrist shot by William Carrier.
9:39 of 1st period - Stopped by Michael Hutchinson without a rebound.
9:40 of 1st period - Nicolas Petan wins face-off versus Kieffer Bellows in London Knights zone.
9:43 of 1st period - Wrist shot by Logan Shaw.
9:43 of 1st period - Stopped by Michael Hutchinson with a rebound.
9:51 of 1st period - Snap shot by Kieffer Bellows.
9:51 of 1st period - Shot Misses the Net.
9:52 of 1st period - Connor Bunnaman and Logan Shaw fight to a draw.
9:52 of 1st period - Penalty to Connor Bunnaman for Fighting.
9:52 of 1st period - Penalty to Logan Shaw for Fighting.
9:53 of 1st period - Matt Nieto wins face-off versus Cameron Hughes in Tucson Roadrunners zone.
10:46 of 1st period - Snap shot by Kieffer Bellows.
10:46 of 1st period - Stopped by Jaroslav Halak with a rebound.
10:48 of 1st period - Slapshot by Jacob Christiansen.
10:48 of 1st period - Shot Misses the Net.
10:56 of 1st period - Wrist shot by Cameron Hughes.
10:56 of 1st period - Stopped by Jaroslav Halak without a rebound.
10:57 of 1st period - Ross Colton wins face-off versus Simon Ryfors in Tucson Roadrunners zone.
11:22 of 1st period - Nicolas Petan is hit by Antonio Stranges and loses puck.
12:01 of 1st period - Off-side.
12:02 of 1st period - Alex Belzile wins face-off versus Jan Jenik in neutral zone.
12:09 of 1st period - Snap shot by Anthony Richard.
12:09 of 1st period - Stopped by Michael Hutchinson without a rebound.
12:10 of 1st period - Mark Jankowski wins face-off versus Liam Foudy in London Knights zone.
12:11 of 1st period - Backhand shot by Nicolas Petan.
12:11 of 1st period - Shot Blocked by Jordan Oesterle.
12:40 of 1st period - Wrist shot by William Carrier.
12:40 of 1st period - Stopped by Michael Hutchinson with a rebound.
12:42 of 1st period - Slapshot by Carson Soucy.
12:42 of 1st period - Deflect By Ross Colton.
12:42 of 1st period - Stopped by Michael Hutchinson with a rebound.
12:44 of 1st period - Snap shot by Ross Colton.
12:44 of 1st period - Shot Misses the Net.
12:46 of 1st period - Wrist shot by Simon Benoit.
12:46 of 1st period - Shot Blocked by Jacob Christiansen.
13:37 of 1st period - Johnathan Kovacevic is hit by Curtis Douglas and loses puck.
14:00 of 1st period - Troy Stecher is hit by Radim Simek and loses puck.
14:31 of 1st period - Snap shot by Simon Ryfors.
14:31 of 1st period - Shot Misses the Net.
14:33 of 1st period - Snap shot by Pavol Regenda.
14:33 of 1st period - Stopped by Jaroslav Halak with a rebound.
15:02 of 1st period - Icing by Jacob Christiansen.
15:03 of 1st period - Hunter McKown wins face-off versus Mark Jankowski in London Knights zone.
15:13 of 1st period - Logan Shaw is hit by Hunter McKown and loses puck.
15:26 of 1st period - Wrist shot by Cameron Hughes.
15:26 of 1st period - Stopped by Jaroslav Halak with a rebound.
15:28 of 1st period - Snap shot by Jordan Oesterle.
15:28 of 1st period - Stopped by Jaroslav Halak with a rebound.
15:32 of 1st period - Snap shot by Cameron Hughes.
15:32 of 1st period - Deflect By Matthew Highmore.
15:32 of 1st period - Stopped by Jaroslav Halak with a rebound.
15:34 of 1st period - Wrist shot by Connor Bunnaman.
15:34 of 1st period - Stopped by Jaroslav Halak with a rebound.
15:52 of 1st period - Snap shot by Matt Nieto.
15:52 of 1st period - Stopped by Michael Hutchinson with a rebound.
15:54 of 1st period - Snap shot by Simon Benoit.
15:54 of 1st period - Stopped by Michael Hutchinson without a rebound.
15:55 of 1st period - Ross Colton wins face-off versus Cameron Hughes in London Knights zone.
16:20 of 1st period - Logan Shaw is hit by Christian Wolanin and loses puck.
16:43 of 1st period - Slapshot by Hunter McKown.
16:43 of 1st period - Stopped by Jaroslav Halak without a rebound.
16:44 of 1st period - Hunter McKown wins face-off versus Alex Belzile in Tucson Roadrunners zone.
16:45 of 1st period - Snap shot by Antonio Stranges.
16:45 of 1st period - Stopped by Jaroslav Halak with a rebound.
16:47 of 1st period - Snap shot by Nick Swaney.
16:47 of 1st period - Stopped by Jaroslav Halak with a rebound.
16:49 of 1st period - Snap shot by Antonio Stranges.
16:49 of 1st period - Stopped by Jaroslav Halak with a rebound.
17:02 of 1st period - Off-side.
17:03 of 1st period - Simon Ryfors wins face-off versus Ross Colton in neutral zone.
17:08 of 1st period - Snap shot by Liam Foudy.
17:08 of 1st period - Shot Blocked by Robert Hagg.
17:28 of 1st period - Nicolas Petan is hit by Kieffer Bellows and loses puck.
18:17 of 1st period - Carson Soucy is hit by Pavol Regenda.
18:35 of 1st period - Snap shot by Jan Jenik.
18:35 of 1st period - Shot Misses the Net.
19:05 of 1st period - Wrist shot by Cameron Hughes.
19:05 of 1st period - Stopped by Jaroslav Halak with a rebound.
19:07 of 1st period - Wrist shot by Connor Bunnaman.
19:07 of 1st period - Shot Misses the Net.
19:09 of 1st period - Snap shot by Simon Lundmark.
19:09 of 1st period - Goal by Simon Lundmark - Tucson Roadrunners : 1 - London Knights : 1.
19:10 of 1st period - Simon Ryfors wins face-off versus Ross Colton in neutral zone.
19:23 of 1st period - Slapshot by William Carrier.
19:23 of 1st period - Stopped by Michael Hutchinson with a rebound.
19:25 of 1st period - Snap shot by Ross Colton.
19:25 of 1st period - Deflect By William Carrier.
19:25 of 1st period - Shot Misses the Net.
19:25 of 1st period - Puck is out of play.
19:26 of 1st period - Mark Jankowski wins face-off versus Hunter McKown in London Knights zone.
19:39 of 1st period - Snap shot by Antonio Stranges.
19:39 of 1st period - Stopped by Jaroslav Halak with a rebound.
19:41 of 1st period - Slapshot by Antonio Stranges.
19:41 of 1st period - Shot Misses the Net.
Goals for this period are 1 for Tucson Roadrunners vs 1 for London Knights.
Shots for this period are 18 for Tucson Roadrunners vs 20 for London Knights.
2nd period
0:01 of 2nd period - Ross Colton wins face-off versus Cameron Hughes in neutral zone.
0:28 of 2nd period - Wrist shot by Liam Foudy.
0:28 of 2nd period - Stopped by Jaroslav Halak with a rebound.
0:30 of 2nd period - Snap shot by Pavol Regenda.
0:30 of 2nd period - Shot Misses the Net.
0:32 of 2nd period - Slapshot by Liam Foudy.
0:32 of 2nd period - Stopped by Jaroslav Halak without a rebound.
0:33 of 2nd period - Mark Jankowski wins face-off versus Hunter McKown in Tucson Roadrunners zone.
1:25 of 2nd period - Off-side.
1:26 of 2nd period - Simon Ryfors wins face-off versus Ross Colton in neutral zone.
1:51 of 2nd period - Nicolas Petan is hit by Christian Wolanin and loses puck.
2:01 of 2nd period - Wrist shot by Cameron Hughes.
2:01 of 2nd period - Stopped by Jaroslav Halak with a rebound.
2:13 of 2nd period - Snap shot by Nicolas Petan.
2:13 of 2nd period - Shot Blocked by Jordan Oesterle.
2:20 of 2nd period - Off-side.
2:21 of 2nd period - Ross Colton wins face-off versus Simon Ryfors in neutral zone.
2:37 of 2nd period - Icing by Radim Simek.
2:38 of 2nd period - Ross Colton wins face-off versus Cameron Hughes in Tucson Roadrunners zone.
3:05 of 2nd period - Wrist shot by Logan Shaw.
3:05 of 2nd period - Shot Blocked by Christian Wolanin.
3:13 of 2nd period - Snap shot by Logan Shaw.
3:13 of 2nd period - Shot Blocked by Christian Wolanin.
3:34 of 2nd period - Wrist shot by Cole Koepke.
3:34 of 2nd period - Shot Misses the Net.
3:53 of 2nd period - Wrist shot by Mikhail Maltsev.
3:53 of 2nd period - Shot Misses the Net.
5:05 of 2nd period - Pavol Regenda is hit by Mikhail Maltsev and loses puck.
5:27 of 2nd period - Off-side.
5:28 of 2nd period - Cameron Hughes wins face-off versus Alex Belzile in neutral zone.
5:44 of 2nd period - Minor Penalty to Connor Bunnaman for Holding Stick.
5:45 of 2nd period - Simon Ryfors wins face-off versus Mark Jankowski in London Knights zone.
5:55 of 2nd period - Backhand shot by Nicolas Petan.
5:55 of 2nd period - Shot Misses the Net.
5:57 of 2nd period - Snap shot by Logan Shaw.
5:57 of 2nd period - Deflect By Nicolas Petan.
5:57 of 2nd period - Stopped by Michael Hutchinson with a rebound.
5:59 of 2nd period - Slapshot by Simon Benoit.
5:59 of 2nd period - Shot Blocked by Pavol Regenda.
6:01 of 2nd period - Wrist shot by Nicolas Petan.
6:01 of 2nd period - Stopped by Michael Hutchinson without a rebound.
6:02 of 2nd period - Ross Colton wins face-off versus Simon Ryfors in London Knights zone.
6:35 of 2nd period - Slapshot by Mark Jankowski.
6:35 of 2nd period - Shot Misses the Net.
6:37 of 2nd period - Snap shot by Mark Jankowski.
6:37 of 2nd period - Stopped by Michael Hutchinson without a rebound.
6:38 of 2nd period - Ross Colton wins face-off versus Cameron Hughes in London Knights zone.
6:53 of 2nd period - Backhand shot by Ross Colton.
6:53 of 2nd period - Shot Misses the Net.
7:03 of 2nd period - Liam Foudy is hit by Nicolas Petan and loses puck.
7:44 of 2nd period - Penalty to Connor Bunnaman is over, Connor Bunnaman is back on ice.
7:50 of 2nd period - Jordan Oesterle is hit by Johnathan Kovacevic and loses puck.
7:58 of 2nd period - Slapshot by Jordan Oesterle.
7:58 of 2nd period - Deflect By Nick Swaney.
7:58 of 2nd period - Stopped by Jaroslav Halak with a rebound.
8:00 of 2nd period - Slapshot by Jordan Oesterle.
8:00 of 2nd period - Stopped by Jaroslav Halak without a rebound.
8:01 of 2nd period - Mark Jankowski wins face-off versus Jan Jenik in Tucson Roadrunners zone.
8:01 of 2nd period - Mark Jankowski is hit by Troy Stecher.
8:12 of 2nd period - Off-side.
8:13 of 2nd period - Ross Colton wins face-off versus Cameron Hughes in neutral zone.
8:16 of 2nd period - Kieffer Bellows is hit by Matt Nieto.
8:22 of 2nd period - Slapshot by Matt Nieto.
8:22 of 2nd period - Stopped by Michael Hutchinson with a rebound.
8:28 of 2nd period - Matt Nieto is hit by Cameron Hughes and loses puck.
8:39 of 2nd period - Simon Ryfors is hit by Nicolas Petan and loses puck.
9:03 of 2nd period - Icing by Nick Swaney.
9:04 of 2nd period - Matthew Highmore wins face-off versus Hunter McKown in London Knights zone.
9:29 of 2nd period - Jordan Oesterle is hit by Ross Colton and loses puck.
10:11 of 2nd period - Slapshot by Jan Jenik.
10:11 of 2nd period - Shot Misses the Net.
10:58 of 2nd period - Slapshot by Mark Jankowski.
10:58 of 2nd period - Shot Blocked by Jordan Oesterle.
11:08 of 2nd period - Simon Ryfors is hit by Matt Nieto and loses puck.
11:30 of 2nd period - Alex Belzile is hit by Christian Wolanin.
11:48 of 2nd period - Snap shot by Nicolas Petan.
11:48 of 2nd period - Stopped by Michael Hutchinson with a rebound.
11:50 of 2nd period - Snap shot by Logan Shaw.
11:50 of 2nd period - Deflect By Mark Jankowski.
11:50 of 2nd period - Stopped by Michael Hutchinson with a rebound.
11:52 of 2nd period - Wrist shot by Mark Jankowski.
11:52 of 2nd period - Shot Misses the Net.
12:06 of 2nd period - Mikhail Maltsev is hit by Cameron Hughes and loses puck.
12:25 of 2nd period - Slapshot by Hunter McKown.
12:25 of 2nd period - Stopped by Jaroslav Halak with a rebound.
12:27 of 2nd period - Snap shot by Troy Stecher.
12:27 of 2nd period - Deflect By Nick Swaney.
12:27 of 2nd period - Shot Misses the Net.
12:27 of 2nd period - Puck is out of play.
12:28 of 2nd period - Hunter McKown wins face-off versus Mark Jankowski in Tucson Roadrunners zone.
12:53 of 2nd period - Jacob Christiansen is hit by Ross Colton and loses puck.
13:20 of 2nd period - Alec Regula is hit by Alex Belzile.
13:24 of 2nd period - Matthew Highmore is hit by Cameron Hughes and loses puck.
13:36 of 2nd period - Off-side.
13:37 of 2nd period - Mark Jankowski wins face-off versus Jan Jenik in neutral zone.
13:42 of 2nd period - Snap shot by Logan Shaw.
13:42 of 2nd period - Stopped by Michael Hutchinson with a rebound.
14:27 of 2nd period - Backhand shot by Liam Foudy.
14:27 of 2nd period - Shot Blocked by Anthony Richard.
14:49 of 2nd period - Nick Seeler is hit by Nick Swaney and loses puck.
15:24 of 2nd period - Christian Wolanin is hit by Carson Soucy and loses puck.
16:57 of 2nd period - Minor Penalty to Benjamin Jones for Hooking.
16:58 of 2nd period - Simon Ryfors wins face-off versus Matt Nieto in Tucson Roadrunners zone.
17:37 of 2nd period - Simon Benoit is hit by Kieffer Bellows and loses puck.
18:12 of 2nd period - Matt Nieto is hit by Christian Wolanin and loses puck.
18:57 of 2nd period - Penalty to Benjamin Jones is over, Benjamin Jones is back on ice.
19:10 of 2nd period - Slapshot by Jacob Christiansen.
19:10 of 2nd period - Stopped by Jaroslav Halak without a rebound.
19:11 of 2nd period - Jan Jenik wins face-off versus Alex Belzile in Tucson Roadrunners zone.
19:36 of 2nd period - Nick Swaney is hit by Radim Simek and loses puck.
19:45 of 2nd period - Snap shot by Nick Swaney.
19:45 of 2nd period - Stopped by Jaroslav Halak without a rebound.
19:46 of 2nd period - Matthew Highmore wins face-off versus Liam Foudy in Tucson Roadrunners zone.
19:46 of 2nd period - Matthew Highmore is hit by Liam Foudy.
19:54 of 2nd period - Slapshot by Christian Wolanin.
19:54 of 2nd period - Stopped by Jaroslav Halak with a rebound.
Goals for this period are 0 for Tucson Roadrunners vs 0 for London Knights.
Shots for this period are 7 for Tucson Roadrunners vs 9 for London Knights.
3rd period
0:01 of 3rd period - Matt Nieto wins face-off versus Pavol Regenda in neutral zone.
0:33 of 3rd period - Snap shot by Kieffer Bellows.
0:33 of 3rd period - Deflect By Cameron Hughes.
0:33 of 3rd period - Stopped by Jaroslav Halak with a rebound.
1:21 of 3rd period - Slapshot by Troy Stecher.
1:21 of 3rd period - Stopped by Jaroslav Halak with a rebound.
1:39 of 3rd period - Slapshot by Christian Wolanin.
1:39 of 3rd period - Shot Blocked by Ross Colton.
1:41 of 3rd period - Wrist shot by Liam Foudy.
1:41 of 3rd period - Shot Misses the Net.
1:57 of 3rd period - Matt Nieto is hit by Cameron Hughes and loses puck.
2:02 of 3rd period - Snap shot by Cameron Hughes.
2:02 of 3rd period - Shot Blocked by William Carrier.
2:04 of 3rd period - Slapshot by Connor Bunnaman.
2:04 of 3rd period - Shot Misses the Net.
2:19 of 3rd period - Wrist shot by Hunter McKown.
2:19 of 3rd period - Stopped by Jaroslav Halak without a rebound.
2:20 of 3rd period - Hunter McKown wins face-off versus Mark Jankowski in Tucson Roadrunners zone.
2:34 of 3rd period - Minor Penalty to Logan Shaw for Holding.
2:35 of 3rd period - Matt Nieto wins face-off versus Cameron Hughes in Tucson Roadrunners zone.
2:35 of 3rd period - Matt Nieto is hit by Connor Bunnaman.
4:10 of 3rd period - Ross Colton is hit by Cameron Hughes and loses puck.
4:34 of 3rd period - Penalty to Logan Shaw is over, Logan Shaw is back on ice.
4:57 of 3rd period - Radim Simek is hit by Nick Swaney and loses puck.
5:10 of 3rd period - Icing by Simon Lundmark.
5:11 of 3rd period - Curtis Douglas wins face-off versus Alex Belzile in London Knights zone.
5:41 of 3rd period - Snap shot by Ross Colton.
5:41 of 3rd period - Stopped by Michael Hutchinson with a rebound.
5:49 of 3rd period - Jan Jenik is hit by William Carrier.
6:29 of 3rd period - Slapshot by Carson Soucy.
6:29 of 3rd period - Shot Misses the Net.
6:45 of 3rd period - Snap shot by Anthony Richard.
6:45 of 3rd period - Shot Misses the Net.
6:47 of 3rd period - Wrist shot by William Carrier.
6:47 of 3rd period - Shot Blocked by Jordan Oesterle.
6:49 of 3rd period - Wrist shot by Mikhail Maltsev.
6:49 of 3rd period - Stopped by Michael Hutchinson with a rebound.
6:51 of 3rd period - Snap shot by William Carrier.
6:51 of 3rd period - Stopped by Michael Hutchinson with a rebound.
6:53 of 3rd period - Slapshot by Carson Soucy.
6:53 of 3rd period - Shot Blocked by Cameron Hughes.
7:19 of 3rd period - Hunter McKown is hit by Mark Jankowski and loses puck.
9:24 of 3rd period - Snap shot by Robert Hagg.
9:24 of 3rd period - Stopped by Michael Hutchinson without a rebound.
9:25 of 3rd period - Cameron Hughes wins face-off versus Mikhail Maltsev in London Knights zone.
9:32 of 3rd period - Slapshot by Christian Wolanin.
9:32 of 3rd period - Stopped by Jaroslav Halak without a rebound.
9:33 of 3rd period - Matt Nieto wins face-off versus Simon Ryfors in Tucson Roadrunners zone.
9:38 of 3rd period - William Carrier is hit by Simon Ryfors and loses puck.
10:30 of 3rd period - Wrist shot by Antonio Stranges.
10:30 of 3rd period - Shot Misses the Net.
10:48 of 3rd period - Wrist shot by Jacob Christiansen.
10:48 of 3rd period - Stopped by Jaroslav Halak without a rebound.
10:49 of 3rd period - Jan Jenik wins face-off versus Ross Colton in Tucson Roadrunners zone.
10:56 of 3rd period - Jan Jenik is hit by Matt Nieto and loses puck.
11:04 of 3rd period - Minor Penalty to Jan Jenik for Hooking.
11:05 of 3rd period - William Carrier wins face-off versus Simon Ryfors in London Knights zone.
11:35 of 3rd period - Minor Penalty to Logan Shaw for Hooking.
11:36 of 3rd period - Simon Ryfors wins face-off versus William Carrier in Tucson Roadrunners zone.
12:02 of 3rd period - Troy Stecher is hit by Carson Soucy.
13:04 of 3rd period - Penalty to Jan Jenik is over, Jan Jenik is back on ice.
13:35 of 3rd period - Penalty to Logan Shaw is over, Logan Shaw is back on ice.
13:40 of 3rd period - Snap shot by Kieffer Bellows.
13:40 of 3rd period - Shot Misses the Net.
13:42 of 3rd period - Snap shot by Kieffer Bellows.
13:42 of 3rd period - Stopped by Jaroslav Halak with a rebound.
13:57 of 3rd period - Snap shot by Nick Swaney.
13:57 of 3rd period - Stopped by Jaroslav Halak with a rebound.
13:59 of 3rd period - Wrist shot by Simon Lundmark.
13:59 of 3rd period - Stopped by Jaroslav Halak with a rebound.
14:01 of 3rd period - Snap shot by Simon Lundmark.
14:01 of 3rd period - Shot Blocked by Nick Seeler.
15:36 of 3rd period - Minor Penalty to Benjamin Jones for Delaying the game.
15:37 of 3rd period - Simon Ryfors wins face-off versus William Carrier in Tucson Roadrunners zone.
15:50 of 3rd period - Matt Nieto is hit by Simon Ryfors and loses puck.
16:18 of 3rd period - Wrist shot by Liam Foudy.
16:18 of 3rd period - Shot Misses the Net.
16:40 of 3rd period - Backhand shot by Pavol Regenda.
16:40 of 3rd period - Stopped by Jaroslav Halak without a rebound.
16:41 of 3rd period - Cameron Hughes wins face-off versus William Carrier in Tucson Roadrunners zone.
17:36 of 3rd period - Penalty to Benjamin Jones is over, Benjamin Jones is back on ice.
18:46 of 3rd period - Snap shot by Johnathan Kovacevic.
18:46 of 3rd period - Stopped by Michael Hutchinson with a rebound.
19:11 of 3rd period - Carson Soucy is hit by Alec Regula and loses puck.
Goals for this period are 0 for Tucson Roadrunners vs 0 for London Knights.
Shots for this period are 5 for Tucson Roadrunners vs 9 for London Knights.
Overtime #1
0:01 of 1st overtime period - Matt Nieto wins face-off versus Cameron Hughes in neutral zone.
0:04 of 1st overtime period - Cameron Hughes is hit by Mark Jankowski and loses puck.
0:08 of 1st overtime period - Icing by Pavol Regenda.
0:09 of 1st overtime period - Cameron Hughes wins face-off versus Matt Nieto in London Knights zone.
0:28 of 1st overtime period - Snap shot by Pavol Regenda.
0:28 of 1st overtime period - Stopped by Jaroslav Halak without a rebound.
0:29 of 1st overtime period - Simon Ryfors wins face-off versus William Carrier in Tucson Roadrunners zone.
0:34 of 1st overtime period - Snap shot by Liam Foudy.
0:34 of 1st overtime period - Stopped by Jaroslav Halak with a rebound.
0:40 of 1st overtime period - Wrist shot by William Carrier.
0:40 of 1st overtime period - Stopped by Michael Hutchinson with a rebound.
0:42 of 1st overtime period - Slapshot by William Carrier.
0:42 of 1st overtime period - Deflect By Ross Colton.
0:42 of 1st overtime period - Shot Blocked by Jordan Oesterle.
0:42 of 1st overtime period - Puck is out of play.
0:43 of 1st overtime period - Matt Nieto wins face-off versus Simon Ryfors in London Knights zone.
1:08 of 1st overtime period - Cameron Hughes is hit by Carson Soucy.
1:52 of 1st overtime period - Jordan Oesterle is hit by Matt Nieto and loses puck.
3:12 of 1st overtime period - Ross Colton is hit by Pavol Regenda and loses puck.
3:39 of 1st overtime period - Curtis Douglas is hit by Matt Nieto and loses puck.
4:04 of 1st overtime period - Wrist shot by Hunter McKown.
4:04 of 1st overtime period - Shot Blocked by Radim Simek.
4:16 of 1st overtime period - Simon Lundmark is hit by Radim Simek and loses puck.
Goals for this period are 0 for Tucson Roadrunners vs 0 for London Knights.
Shots for this period are 1 for Tucson Roadrunners vs 2 for London Knights.
ShootOut
5:00 of 1st overtime period - Round #1.
5:00 of 1st overtime period - Tucson Roadrunners, William Carrier.
5:00 of 1st overtime period - Snap shot by William Carrier.
5:00 of 1st overtime period - Stopped by Michael Hutchinson.
5:00 of 1st overtime period - London Knights, Simon Ryfors.
5:00 of 1st overtime period - Wrist shot by Simon Ryfors.
5:00 of 1st overtime period - Stopped by Jaroslav Halak.
5:00 of 1st overtime period - Round #2.
5:00 of 1st overtime period - Tucson Roadrunners, Ross Colton.
5:00 of 1st overtime period - Snap shot by Ross Colton.
5:00 of 1st overtime period - Shot Misses the Net.
5:00 of 1st overtime period - London Knights, Liam Foudy.
5:00 of 1st overtime period - Backhand shot by Liam Foudy.
5:00 of 1st overtime period - Stopped by Jaroslav Halak.
5:00 of 1st overtime period - Round #3.
5:00 of 1st overtime period - Tucson Roadrunners, Matt Nieto.
5:00 of 1st overtime period - Snap shot by Matt Nieto.
5:00 of 1st overtime period - Stopped by Michael Hutchinson.
5:00 of 1st overtime period - London Knights, Cameron Hughes.
5:00 of 1st overtime period - Deke by Cameron Hughes.
5:00 of 1st overtime period - Stopped by Jaroslav Halak.
5:00 of 1st overtime period - Round #4.
5:00 of 1st overtime period - Tucson Roadrunners, Mark Jankowski.
5:00 of 1st overtime period - Snap shot by Mark Jankowski.
5:00 of 1st overtime period - Stopped by Michael Hutchinson.
5:00 of 1st overtime period - London Knights, Pavol Regenda.
5:00 of 1st overtime period - Deke by Pavol Regenda.
5:00 of 1st overtime period - Shot Misses the Net.
5:00 of 1st overtime period - Round #5.
5:00 of 1st overtime period - Tucson Roadrunners, Logan Shaw.
5:00 of 1st overtime period - Wrist shot by Logan Shaw.
5:00 of 1st overtime period - Shot Misses the Net.
5:00 of 1st overtime period - London Knights, Hunter McKown.
5:00 of 1st overtime period - Deke by Hunter McKown.
5:00 of 1st overtime period - Shot Misses the Net.
5:00 of 1st overtime period - Round #6.
5:00 of 1st overtime period - Tucson Roadrunners, Nicolas Petan.
5:00 of 1st overtime period - Snap shot by Nicolas Petan.
5:00 of 1st overtime period - Stopped by Michael Hutchinson.
5:00 of 1st overtime period - London Knights, Nick Swaney.
5:00 of 1st overtime period - Wrist shot by Nick Swaney.
5:00 of 1st overtime period - Goal by Nick Swaney.
Back to the Top